 Dungeon Crawl Stone Soup version 0.29.1-12-g30fa7ad0bf (webtiles) character file.

Game seed: 9366266203322111992

3287 venomsnake the Fighter (level 9, -10/85 HPs)
             Began as a Minotaur Berserker on Dec 19, 2022.
             Was a Priest of Trog.
             Mangled by a hornet (13 damage)
             ... while paralysed by a hornet
             ... on level 8 of the Dungeon.
             The game lasted 00:30:50 (8546 turns).

venomsnake the Fighter (Minotaur Berserker)         Turns: 8546, Time: 00:30:51

Health: -10/85     AC: 14    Str: 27    XL:     9   Next: 69%
Magic:  8/8        EV:  2    Int:  4    God:    Trog [***...]
Gold:   312        SH:  0    Dex:  9    Spells: 8/8 levels left

rFire   . . .      SeeInvis +   a - +0 war axe
rCold   . . .      Faith    .   D - +0 kite shield
rNeg    . . .      Spirit   .   I - +0 plate armour
rPois   .          Reflect  .   (helmet restricted)
rElec   .          Harm     .   (no cloak)
rCorr   +          Rampage  .   (no gloves)
Will    .....                   v - +0 pair of boots
Stlth   ..........              t - amulet of the acrobat
HPRegen 0.24/turn               q - ring of see invisible
MPRegen 0.11/turn               l - ring of resist corrosion

@: paralysed, lethally poisoned (-10 -> -25), slowed
A: horns 2, retaliatory headbutt
a: Renounce Religion, Berserk, Trog's Hand


You were on level 8 of the Dungeon.
You worshipped Trog.
Trog was most pleased with you.
You visited 1 branch of the dungeon, and saw 8 of its levels.

You collected 312 gold pieces.

Inventory:

Hand Weapons
 a - a +0 war axe (weapon)
 y - a +2 hand axe of flaming
Missiles
 b - 2 throwing nets
 p - 50 stones
 u - 13 poisoned darts (quivered)
Armour
 v - a +0 pair of boots (worn)
 D - a +0 kite shield (worn)
 I - a +0 plate armour (worn)
Jewellery
 h - a ring of fire
 l - a ring of resist corrosion (right hand)
 q - a ring of see invisible (left hand)
 t - an amulet of the acrobat (around neck)
 A - a ring of positive energy
Scrolls
 d - a scroll of summoning {unknown}
 g - 5 scrolls of butterflies
 i - a scroll of enchant armour {unknown}
 j - 9 scrolls of teleportation
 m - 2 scrolls of vulnerability
 n - a scroll of noise {unknown}
 z - 2 scrolls of torment
 B - a scroll of poison {unknown}
 E - a scroll of amnesia {unknown}
 H - 2 scrolls of identify
Potions
 c - 3 potions of heal wounds
 e - 2 potions of attraction
 f - 2 potions of flight
 k - 4 potions of brilliance
 o - a potion of ambrosia {unknown}
 r - a potion of might {unknown}
 s - 8 potions of curing
 x - a potion of degeneration
 C - a potion of resistance {unknown}
 F - 2 potions of invisibility
 G - a potion of lignification {unknown}


   Skills:
 * Level 10.3 Fighting
 + Level 7.7 Axes
 + Level 7.0 Armour
 + Level 6.4 Dodging
 + Level 4.8 Evocations


You had 8 spell levels left.
You didn't know any spells.
Your spell library was empty.

Dungeon Overview and Level Annotations

Branches:
Dungeon (8/15)             Temple (0/1) D:5
   Lair: D:8-11

Altars:
Ashenzari
Elyvilon
Gozag
Kikubaaqudgha
Nemelex Xobeh
Okawaru
Wu Jian

Portals:
Ossuary: D:8

Annotations:
D:5 3 runed translucent doors, Coaxmetal's ghost, amateur GnHW
D:6 1 runed translucent door, sigtrap's ghost, novice GnBe


Innate Abilities, Weirdness & Mutations

You have a pair of horns on your head.
You reflexively headbutt those who attack you in melee.


Message History

The hornet stings you but does no damage.
You hear a shout!
You can move again.
You hit the hornet but do no damage.
The hornet is moderately wounded.
You completely miss the bullfrog.
You feel very sick.
The hornet stings you but does no damage.
You block the bullfrog's attack. The hornet stings you!
You are more poisoned.
You feel yourself slow down.
The bullfrog hits you but does no damage.
You feel better. The hornet stings you!
You are poisoned.
You feel as though you will be slow longer.
The bullfrog hits you but does no damage.
The hornet completely misses you. You furiously retaliate!
You headbutt the hornet!
The bullfrog hits you but does no damage.
The hornet stings you!
* * * LOW HITPOINT WARNING * * *
You feel as though you will be slow longer.
You feel much better.
You feel very sick. The bullfrog hits you. The hornet stings you.
You suddenly lose the ability to move!
The bullfrog hits you. The hornet stings you!
* * * LOW HITPOINT WARNING * * *
You feel as though you will be slow longer.
The bullfrog hits you.
* * * LOW HITPOINT WARNING * * *
You feel sick. The hornet stings you.
* * * LOW HITPOINT WARNING * * *
You are more poisoned.
You feel as though you will be slow longer.
The bullfrog hits you but does no damage.
* * * LOW HITPOINT WARNING * * *
You feel very sick. The hornet stings you!
You die...

.# #.#####.#.#### .#
#.....#.#.# # .#
#####.#.#.# .# .#
#.#.#.#####. .#
#.#.#.##... #.#.#.##..#
#.#.#.##..# #
#.#.#.##.F#.##...
+#######'.......@y....#
#...#...##...##.##.####
#.>.#.>.#######.# #
#...#...# #.# ### #####
#.# !..# #.# #.∩.# #.#
.#...# #.. ######+


You could see a hornet and a bullfrog.

Vanquished Creatures
  A hornet (D:8)
  Sigmund (D:2)
  4 yaks
  A steam dragon (D:7)
  2 water moccasins
  An ice beast (D:6)
  2 sky beasts
  A black bear (D:6)
  A centaur (D:8)
  2 ogres
  A phantom (D:5)
  A gnoll sergeant (D:5)
  3 bullfrogs
  A necrophage (D:7)
  2 scorpions (D:5)
  3 wights
  3 hounds
  A jelly (D:4)
  2 orc priests
  Jessica (D:2)
  An iguana (D:6)
  11 orc wizards
  7 gnolls
  3 adders
  2 dart slugs
  25 orcs
  A bat (D:3)
  6 endoplasms
  2 giant cockroaches (D:1)
  2 goblins
  6 hobgoblins
  9 jackals
  6 kobolds
  3 quokkas
  4 ball pythons
  2 frilled lizards (D:1)
  5 rats
129 creatures vanquished.

Notes
Turn   | Place    | Note
-------+----------+-------------------------------------------
     0 | D:1      | venomsnake the Minotaur Berserker began the quest for the
                  | Orb.
     0 | D:1      | Reached XP level 1. HP: 19/19 MP: 0/0
   368 | D:1      | Reached XP level 2. HP: 27/27 MP: 1/1
   544 | D:1      | Reached skill level 4 in Fighting
   734 | D:1      | Found a faded altar of an unknown god.
   879 | D:2      | Noticed Sigmund
   997 | D:2      | Killed Sigmund
   998 | D:2      | Reached skill level 5 in Fighting
   998 | D:2      | Reached skill level 1 in Evocations
   998 | D:2      | Reached XP level 3. HP: 36/36 MP: 2/2
   998 | D:2      | Reached XP level 4. HP: 42/42 MP: 3/3
   998 | D:2      | Reached XP level 5. HP: 48/48 MP: 4/4
  1153 | D:2      | Reached ** piety under Trog
  1246 | D:2      | Noticed Jessica
  1253 | D:2      | Killed Jessica
  1395 | D:2      | Found an opulent altar of Gozag.
  2052 | D:3      | Reached XP level 6. HP: 49/56 MP: 5/5
  2570 | D:4      | Reached skill level 6 in Fighting
  2787 | D:4      | Reached skill level 5 in Axes
  3104 | D:4      | Found an iron altar of Okawaru.
  3104 | D:4      | Found an opulent altar of Gozag.
  3153 | D:5      | Entered Level 5 of the Dungeon
  3169 | D:5      | Reached XP level 7. HP: 52/64 MP: 6/6
  3288 | D:5      | Noticed Coaxmetal's ghost (amateur GnHW)
  3289 | D:5      | Found a runed translucent gate.
  3290 | D:5      | Found a runed translucent gate.
  3291 | D:5      | Found a runed translucent gate.
  3407 | D:5      | Reached *** piety under Trog
  3551 | D:5      | Found a staircase to the Ecumenical Temple.
  3705 | D:5      | Found a broken altar of Ashenzari.
  3735 | D:5      | Reached skill level 7 in Fighting
  4261 | D:5      | Reached skill level 5 in Armour
  4660 | D:6      | Noticed a yak
  4660 | D:6      | Noticed a yak
  4681 | D:5      | Reached XP level 8. HP: 36/73 MP: 7/7
  5283 | D:6      | Reached skill level 8 in Fighting
  5283 | D:6      | Reached skill level 5 in Dodging
  5790 | D:5      | Reached skill level 9 in Fighting
  5836 | D:5      | Reached XP level 9. HP: 60/83 MP: 8/8
  6048 | D:6      | Found a runed translucent door.
  6051 | D:6      | Noticed sigtrap's ghost (novice GnBe)
  7379 | D:7      | Found a flagged portal.
  7409 | D:7      | Reached **** piety under Trog
  7681 | D:7      | Found an ornate altar of the Wu Jian Council.
  7681 | D:7      | Found a white marble altar of Elyvilon.
  7682 | D:7      | Found an ancient bone altar of Kikubaaqudgha.
  7683 | D:7      | Found a sparkling altar of Nemelex Xobeh.
  8365 | D:8      | Reached skill level 10 in Fighting
  8467 | D:8      | Found a sand-covered staircase.
  8538 | D:8      | Paralysed by a hornet for 2 turns
  8541 | D:8      | Paralysed by a hornet for 1 turns
  8544 | D:8      | Paralysed by a hornet for 3 turns
  8546 | D:8      | HP: 3/85 [poisoned by a hornet]
  8546 | D:8      | Mangled by a hornet

Illustrated notes

Levels and vault maps discovered:
D:1:      amcnicky_arrival_gap_in_the_tavern_cellar, layout_basic,
          ebering_ecumenical_altar_webs
D:2:      layout_rooms, basic_altar, kennysheep_jessica_study, uniq_sigmund
D:3:      layout_basic, wad_floor_pattern_1
D:4:      layout_rooms, gammafunk_temple_overflow_elements, nrook_campfire
D:5:      lemuel_ice_spiral_2, layout_basic, evilmike_ruin_ashenzari,
          minmay_temple_entry_trees, biasface_ghost_orc_armoury
D:6:      layout_layer_cave, ebering_ghost_reflecting_pool, nicolae_water_bricks
D:7:      layout_basic, minitemple, enter_bailey_2
D:8:      layout_loops_ring, nicolae_ossuary_entry_false_entrances,
          hellmonk_bongcloud_opening, minmay_guarded_unrand_variability

Skill      XL: |  1  2  3  4  5  6  7  8  9 |
---------------+----------------------------+-----
Fighting       | 5 6 7 9 10 | 10.3
Axes           | 4 5 6 7 |  7.7
Armour         | 3 4 5 6 7 |  7.0
Dodging        | 3 4 5 6 |  6.4
Evocations     | 1 2 3 4 |  4.8

Action                   |  1- 3 |  4- 6 |  7- 9 || total
-------------------------+-------+-------+-------++-------
Melee: Hand axe          |    46 |   137 |    34 ||   217
       Headbutt          |     4 |    14 |    44 ||    62
       Punch             |       |     2 |       ||     2
       War axe           |       |       |   178 ||   178
Throw: Dart              |       |       |     3 ||     3
  Use: Scroll            |       |     5 |     6 ||    11
       Potion            |       |       |     2 ||     2
 Stab: Sleeping          |     1 |       |       ||     1
Armor: Animal skin       |    13 |       |       ||    13
       Ring mail         |       |     2 |       ||     2
       Chain mail        |       |    59 |    89 ||   148
       Plate armour      |       |       |    16 ||    16
Dodge: Dodged            |    41 |    63 |   132 ||   236
Block: Kite shield       |       |       |    51 ||    51
